Map: Persephone LE

Players

Sindyr - Winner!

  • Race: Zerg Zerg
  • League: Master
  • Spawn Location: 7:00

Mysargorides

  • Race: Protoss Protoss
  • League: Master
  • Spawn Location: 11:00

VOD

Have the link to the VOD?

Description

Time

  • Played on: Sept. 17, 2025, 5:40 p.m.
  • Length: 16:52
Show
View Real Time Build Order
Export as new Build Order

Sindyr Zerg - Winner!

Build Orders: Hatch First 

Get SALT Encoding   

  12  0:00  Drone  
  13  0:17  Overlord  
  13  0:25  Drone  
  14  0:43  Drone x2  
  14  0:44  Drone  
  17  0:56  Hatchery  
  16  1:18  Drone  
  16  1:19  Drone x2  
  16  1:22  Extractor  
  16  1:24  Spawning Pool  
  17  1:30  Drone  
  18  1:47  Drone  
  18  1:51  Drone  
  20  2:02  Overlord  
  20  2:19  Queen x2  
  20  2:21  Zergling x4  
  20  2:22  Zergling x2  
  27  2:28  Drone  
  28  2:39  Drone x2  
  28  2:41  Overlord  
  30  3:01  Metabolic Boost  
  30  3:02  Queen x2  
  34  3:09  Drone x3  
  34  3:12  Overlord  
  37  3:46  Lair  
  37  3:56  Drone x4  
  37  3:59  Extractor  
  40  4:08  Drone x12  
  52  4:13  Extractor  
  52  4:15  Extractor  
  52  4:16  Overlord  
  50  4:35  Roach Warren  
  50  4:36  Drone x2  
  50  4:38  Drone x2  
  53  4:39  Drone  
  54  4:56  Evolution Chamber  
  53  5:00  Hatchery  
  52  5:10  Spore Crawler  
  52  5:12  Spore Crawler  
  50  5:18  Overlord  
  50  5:22  Overlord  
  50  5:25  Zerg Missile Weapons Level 1  
  50  5:27  Glial Reconstitution  
  50  5:45  Overseer  
  50  6:03  Hatchery, Pneumatized Carapace  
  49  6:08  Overlord  
  49  6:14  Queen  
  49  6:16  Drone  
  49  6:17  Drone x9  
  49  6:18  Drone x8  
  67  6:19  Drone x4  
  73  6:38  Evolution Chamber  
  72  6:56  Extractor  
  72  6:59  Extractor  
  70  7:27  Zerg Missile Weapons Level 2  
  70  7:34  Infestation Pit  
  70  7:36  Zerg Ground Armor Level 1  
  69  8:12  Spine Crawler  
  68  8:13  Spine Crawler x2, Spore Crawler  
  68  8:16  Spore Crawler, Drone x6  
  68  8:17  Drone x3  
  68  8:19  Spore Crawler  
  72  8:27  Drone x8  
  72  8:28  Drone  
  72  8:31  Drone x4  
  72  8:32  Drone x10  
  95  8:35  Drone  
  95  8:38  Overlord x5  
  96  8:59  Hive  
  96  9:03  Tunneling Claws  
  96  9:19  Extractor  
  96  9:21  Extractor  
  94  9:26  Hatchery  
  93  9:43  Spore Crawler x2  
  93  9:44  Spore Crawler x3  
  88  9:46  Zerg Ground Armor Level 2  
  88  9:47  Spine Crawler  
  88  9:48  Spine Crawler  
  86  10:28  Queen  
  88  10:38  Overlord x4  
  88  10:39  Overlord x4  
  88  11:19  Roach  
  88  11:25  Zerg Missile Weapons Level 3  
  90  11:31  Spire  
  89  12:00  Roach x3, Zergling x2  
  89  12:01  Zergling x12, Roach x6  
  110  12:02  Roach x7, Zergling x8  
  110  12:03  Roach x3, Zergling x4  
  110  12:06  Zerg Ground Armor Level 3  
  140  12:17  Drone  
  140  12:18  Roach  
  140  12:19  Roach, Zergling x4  
  140  12:20  Roach x5, Zergling x10  
  140  12:21  Zergling x12, Roach x5  
  140  12:22  Zergling x6, Roach x4  
  189  12:33  Drone  
  189  12:34  Drone x2  
  192  12:44  Overseer  
  192  13:02  Greater Spire  
  192  13:05  Hatchery  
  191  13:11  Spore Crawler  
  190  13:14  Spore Crawler x2  
  187  13:54  Hydralisk Den  
  186  14:27  Drone  
  186  14:28  Drone x2  
  186  14:30  Overlord x2  
  189  14:35  Grooved Spines  
  189  14:37  Extractor  
  188  14:46  Hydralisk x6  
  200  15:00  Spire  
  194  15:18  Spire  
  188  15:22  Spawning Pool  
  182  15:38  Lair  
  182  15:41  Lair  
  176  15:52  Drone x4  
  178  16:00  Extractor  
Show
View Real Time Build Order
Export as new Build Order

Mysargorides Protoss 

Build Orders: Carriers 

Get SALT Encoding   

  12  0:34  Pylon  
  12  0:42  Pylon  
  12  0:48  Pylon  
  12  0:53  Pylon  
  12  1:03  Forge  
  12  1:10  Probe  
  13  1:22  Probe  
  14  1:28  Assimilator  
  14  1:33  Assimilator  
  14  1:34  Probe  
  15  1:46  Probe, Gateway  
  16  1:58  Probe  
  16  1:59  Pylon  
  17  2:10  Probe  
  18  2:22  Probe  
  19  2:34  Zealot  
  19  2:35  Probe  
  22  2:47  Probe  
  23  2:52  Cybernetics Core  
  23  2:59  Probe  
  23  3:01  Zealot  
  26  3:10  Pylon  
  26  3:11  Probe  
  27  3:19  Pylon  
  27  3:23  Probe  
  27  3:25  Pylon  
  28  3:28  Zealot  
  30  3:39  Stargate  
  30  3:43  Stargate  
  30  4:03  Protoss Shields Level 1  
  30  4:09  Protoss Air Armor Level 1  
  30  4:30  Fleet Beacon  
  30  4:54  Stalker  
  32  5:21  Stalker  
  34  5:48  Stalker  
  34  5:56  Pylon  
  36  6:00  Carrier  
  42  6:08  Nexus  
  42  6:20  Assimilator  
  42  6:22  Assimilator  
  42  6:44  Protoss Air Armor Level 2  
  42  7:01  Carrier  
  48  7:40  Carrier  
  54  8:07  Twilight Council  
  54  8:20  Cybernetics Core  
  54  8:35  Carrier  
  68  9:03  Mothership  
  68  9:07  Protoss Air Weapons Level 1  
  68  9:19  Probe  
  69  9:26  Protoss Shields Level 2  
  69  9:31  Probe  
  70  9:43  Probe  
  69  10:22  Probe  
  69  10:24  Carrier  
  69  10:26  Carrier  
  82  10:34  Probe  
  83  10:46  Probe  
  84  10:54  Probe  
  85  10:58  Probe  
  86  11:06  Probe  
  86  11:10  Probe  
  88  11:18  Probe  
  89  11:23  Probe, Protoss Air Weapons Level 2  
  90  11:30  Probe  
  91  12:04  Pylon  
  91  12:06  Pylon  
  91  12:09  Pylon  
  91  12:22  Protoss Shields Level 3, Carrier  
  97  12:23  Protoss Air Armor Level 3  
  97  12:52  Adept  
  97  12:57  Carrier  
  105  13:16  Carrier  
Tags
 
Composition
Carriers
Matchup
PvZ
Replay Pack
Multiplayer
Spawn Locations
Close Positions
Add a new tag
Caveats
  • Supply blocks, unpowered buildings, or Contaminate may cause inaccurate times.
  • Supply counts are checked every 10 seconds.